Map: The Vermillion Problem

Players

WernerShadow

  • Race: Terran Terran

NamroodTuo

  • Race: Zerg Zerg

VOD

Have the link to the VOD?

Description

Time

  • Played on: March 17, 2023, 1:28 p.m.
  • Length: 30:12
Show
View Real Time Build Order
Export as new Build Order

WernerShadow Terran 

Build Orders:  

Get SALT Encoding   

  12  0:27  Supply Bunker  
  12  0:51  Supply Bunker  
  12  0:53  SCV  
  13  1:01  SCV  
  13  1:09  SCV  
  15  1:17  SCV  
  16  1:25  SCV  
  17  1:33  SCV  
  18  1:41  SCV  
  18  1:49  SCV  
  20  1:57  SCV  
  21  2:04  SCV  
  22  2:15  SCV  
  23  2:23  SCV  
  24  2:31  SCV  
  24  2:39  SCV  
  32  2:41  Supply Bunker, Dominion Trooper x6  
  32  2:48  Barracks  
  32  3:12  Refinery  
  32  3:14  Refinery  
  32  3:31  SCV  
  32  3:39  SCV  
  34  3:41  Engineering Bay  
  34  3:43  Engineering Bay  
  34  3:47  SCV  
  35  3:58  SCV  
  36  4:06  SCV  
  37  4:14  SCV  
  38  4:34  Factory  
  38  5:11  Starport  
  44  5:20  Supply Bunker, Dominion Trooper x6  
  44  5:43  Armory  
  44  6:07  Supply Bunker x2  
  44  6:10  Supply Bunker x2  
  44  6:12  Supply Bunker  
  44  6:36  Earthsplitter Ordinance  
  41  7:10  Imperial Witness  
  41  9:24  SCV  
  42  9:32  SCV  
  43  9:40  SCV  
  44  10:21  Command Center  
  44  10:31  Imperial Witness  
  46  11:02  Refinery  
  46  11:23  Refinery  
  46  11:28  SCV  
  46  11:36  SCV  
  44  11:44  SCV  
  45  12:03  SCV  
  45  12:11  SCV  
  45  12:19  SCV  
  47  12:26  SCV  
  48  12:34  SCV  
  49  12:42  SCV  
  50  12:50  SCV  
  50  12:58  SCV  
  52  13:06  SCV  
  52  13:08  SCV  
  54  13:14  SCV  
  54  13:16  SCV  
  56  13:22  SCV  
  56  13:23  SCV  
  56  13:24  Medivac  
  60  13:30  SCV  
  60  13:34  SCV x3  
  60  13:37  Dominion Trooper x2  
  60  13:38  SCV  
  62  13:40  Dominion Trooper  
  62  13:45  Medivac  
  62  13:46  SCV  
  62  13:49  Barracks  
  66  14:04  Dominion Trooper  
  66  14:06  Medivac  
  69  14:12  Dominion Trooper  
  69  14:15  Supply Bunker, Dominion Trooper x6  
  69  14:18  Supply Bunker, Dominion Trooper x6  
  82  14:20  Dominion Trooper  
  82  14:27  Medivac, Dominion Trooper x2  
  82  14:28  Dominion Trooper x6  
  82  14:29  Dominion Trooper x4  
  86  14:30  Dominion Trooper x3  
  86  14:36  Dominion Trooper  
  87  14:44  Dominion Trooper  
  87  14:48  Imperial Witness  
  87  14:49  SCV  
  90  14:56  Marauder x2  
  98  15:08  Ghost Academy  
  98  15:13  SCV  
  99  15:21  SCV  
  99  15:26  Marauder x2  
  108  15:35  SCV  
  109  15:43  SCV  
  110  15:51  SCV  
  110  15:56  Ghost x2  
  110  15:58  SCV  
  120  16:06  SCV  
  121  16:12  Terran Infantry Weapons Level 1, Terran Infantry Armor Level 1  
  121  16:14  SCV  
  121  16:19  SCV  
  123  16:22  SCV  
  123  16:27  SCV  
  125  16:30  SCV  
  125  16:35  SCV  
  125  16:38  SCV  
  106  17:29  Supply Bunker, Dominion Trooper x6  
  108  17:30  Supply Bunker, Dominion Trooper x6  
  108  18:48  Supply Bunker, Dominion Trooper x6  
  108  18:52  Neosteel Armor, Orbital Trooper Pods, Supply Bunker, Dominion Trooper x6  
  83  19:51  Aim-assist Embrasures  
  83  20:11  Medivac  
  85  20:22  Hemispheric Acceleraants  
  85  20:32  Medivac  
  87  20:52  Medivac  
  89  21:13  Medivac  
  91  21:37  Ghost x2  
  99  22:17  Marauder x2  
  99  22:18  Unknown x11  
  99  22:19  Unknown x4  
  104  23:24  Supply Bunker, Dominion Trooper x6  
  110  24:17  Imperial Witness  
  112  24:47  Viking  
  116  25:29  Viking  
  120  26:11  Viking  
  120  26:13  Unknown x8  
  120  26:14  Unknown x7  
  124  26:25  Terran Infantry Weapons Level 2, Terran Infantry Armor Level 2  
  124  26:30  Smart Servos  
  122  26:44  Viking  
  118  26:53  Viking  
  118  26:54  Supply Bunker, Dominion Trooper x6  
  128  27:36  SCV x6  
  128  28:52  Dominion Trooper x3  
  128  28:53  Dominion Trooper  
  128  29:07  Dominion Trooper x2  
  128  29:21  Unknown x11  
  128  29:22  Unknown x4  
  128  29:41  SCV  
Show
View Real Time Build Order
Export as new Build Order

NamroodTuo Zerg 

Build Orders:  

Get SALT Encoding   

  12  0:13  Overlord  
  12  0:25  Infested SCV  
  12  0:26  Infested SCV  
  14  0:52  Infested SCV  
  14  0:53  Infested SCV x2  
  17  1:06  Infested Barracks  
  17  1:12  Infested SCV  
  18  1:22  Infested SCV  
  19  1:39  Infested SCV  
  20  1:50  Infested Refinery  
  20  2:01  Infested Refinery  
  20  2:02  Infested SCV  
  20  2:06  Infestation Level 1  
  20  2:09  Infested SCV  
  22  2:25  Overlord  
  22  2:56  Infested SCV  
  22  2:58  Overlord  
  23  3:06  Infested Engineering Bay  
  23  3:13  Infested Barracks Tech Lab  
  23  3:15  Infested SCV  
  24  3:56  Infested Factory  
  24  4:06  Anaerobic Enhancement  
  24  4:23  Infested SCV x4  
  24  4:25  Unknown  
  28  4:34  Infested SCV  
  29  4:47  Infested Missile Turret  
  29  5:04  Retinal Augmentation  
  29  5:06  Infestation Level 2  
  29  5:09  Stukov Infantry Weapons Level 1  
  29  5:12  Infested SCV  
  29  5:15  Overlord  
  34  5:42  Infested Bunker  
  34  5:53  Infested Armory  
  34  6:48  Infested Bunker  
  38  6:51  Infested Missile Turret  
  38  7:23  Infestation Level 3  
  38  7:31  Aggressive Incubation  
  38  7:48  Stukov Infantry Armor Level 1  
  38  8:16  Overlord  
  38  8:17  Overlord x3  
  38  8:18  Overlord  
  38  8:58  Overseer x3  
  42  9:10  Infested Bunker  
  42  9:29  Infested SCV x2  
  44  9:30  Infested SCV x2  
  46  9:41  Infested Missile Turret  
  46  10:08  Infested Command Center  
  46  10:16  Infested Missile Turret  
  46  10:28  Stukov Infantry Weapons Level 2  
  46  11:12  Infested Barracks  
  46  11:15  Infested Barracks, Infested Bunker  
  50  11:40  Infested Marine x3  
  50  11:41  Infested Marine x7  
  60  12:28  Infested SCV  
  60  12:29  Infested SCV x2  
  67  12:48  Infested Bunker  
  67  13:01  Infested SCV x3  
  67  13:02  Infested SCV  
  71  13:15  Infested Bunker  
  65  13:38  Stukov Infantry Armor Level 2, Infested Bunker  
  69  13:47  Overlord  
  69  14:11  Infested Diamondback  
  69  14:19  Stukov Vehicle and Ship Armor Level 1  
  72  14:26  Infested Factory Tech Lab  
  76  15:12  Infested Missile Turret  
  80  15:23  Infested Bunker  
  80  15:25  Infested SCV  
  80  15:26  Infested SCV  
  82  15:30  Infested SCV  
  82  15:32  Infested SCV  
  82  15:34  Infested SCV, Infested Bunker  
  85  15:56  Infested Missile Turret  
  85  16:11  Infested Missile Turret  
  85  16:15  Infested Marine  
  85  16:16  Infested Marine x22  
  85  16:17  Infested Marine x2  
  110  16:48  Stukov Infantry Weapons Level 3  
  110  16:58  Infested Marine  
  110  16:59  Stukov Vehicle and Ship Weapons Level 1  
  110  17:02  Overlord x4  
  110  17:03  Overlord x6  
  103  17:39  Infested SCV x2  
  105  17:45  Overseer  
  105  17:46  Overseer x3  
  105  17:55  Infested Siege Tank, Infested Diamondback  
  105  17:56  Infested Siege Tank  
  105  17:57  Infested Diamondback  
  93  18:30  Infested Siege Tank  
  93  18:31  Infested Siege Tank  
  99  19:09  Infested Siege Tank x2  
  105  19:13  Overlord x2  
  105  19:18  Infested SCV x2  
  105  19:19  Infested SCV x3  
  110  19:23  Infested Refinery  
  110  19:28  Infested Refinery  
  110  19:39  Stukov Vehicle and Ship Armor Level 2  
  110  20:28  Stukov Infantry Armor Level 3  
  110  20:38  Infested Siege Tank x5  
  125  21:00  Infested Siege Tank  
  128  21:36  Infested Siege Tank  
  128  21:38  Infested Siege Tank  
  128  22:49  Stukov Vehicle and Ship Weapons Level 2  
  128  22:55  Infested Marine x6  
  128  22:56  Infested Marine x24  
  158  23:05  Saturated Cultures  
  158  23:32  Infested Marine  
  158  23:33  Infested Marine x17  
  158  23:34  Infested Marine x3  
  158  23:37  Infested SCV  
  158  23:38  Infested SCV x3  
  183  23:42  Infested Barracks  
  183  23:45  Infested Barracks  
  183  24:05  Infested Barracks, Automated Mitosis  
  183  24:09  Infested Marine  
  166  24:10  Infested Marine x15  
  166  24:11  Infested Marine x6  
  177  24:22  Infested Marine  
  177  24:23  Infested Marine x7  
  177  24:25  Infested Marine  
  184  24:42  Infested Siege Tank x2  
  184  24:43  Infested Siege Tank x2  
  173  25:59  Stukov Vehicle and Ship Armor Level 3  
  139  27:22  Infested SCV  
  139  27:23  Infested SCV x4  
  144  27:43  Infested SCV  
  145  27:53  Infested Marine  
  145  27:54  Infested Marine x19  
  145  27:55  Infested Marine x25  
Tags
 
Add a new tag
Caveats
  • Supply blocks, unpowered buildings, or Contaminate may cause inaccurate times.
  • Supply counts are checked every 10 seconds.